 Dungeon Crawl Stone Soup version 0.18-a0-1782-gb76a692 (webtiles) character file.

53 epen the Distorting Demonspawn (level 3, -8/29 HPs)
             Began as a Demonspawn Abyssal Knight on Apr 17, 2016.
             Was a Believer of Lugonu.
             Mangled by a gnoll
             ... wielding a +0 halberd
              (13 damage)
             ... on level 2 of the Dungeon.
             The game lasted 00:01:48 (925 turns).

epen the Distorting Demonspawn (DsAK)                Turns: 925, Time: 00:01:49

Health: -8/29      AC:  5    Str: 13    XL:     3   Next: 62%
Magic:  5/5        EV: 10    Int: 18    God:    Lugonu [**....]
Gold:   48         SH:  0    Dex: 12    Spells: 0 memorised, 2 levels left

rFire  + . .     SeeInvis .     a - +1 falchion
rCold  . . .     Gourm    .     e - +0 ring mail
rNeg   . . .     Faith    .     (no shield)
rPois  .         Spirit   .     (helmet restricted)
rElec  .         Dismiss  .     (no cloak)
rCorr  .         Reflect  .     (no gloves)
SustAt .         Harm     .     (no boots)
MR     .....                    i - amulet of rage
Stlth  +.........               (no ring)
                                f - +5 ring of intelligence

@: not resistant to hostile enchantments, very unstealthy
A: horns 1, fire resistance 1
a: Depart the Abyss, Bend Space, Renounce Religion, Evoke Berserk Rage


You were on level 2 of the Dungeon.
You worshipped Lugonu.
Lugonu was pleased with you.
You were not hungry.

You visited 1 branch of the dungeon, and saw 2 of its levels.
You visited the Abyss 1 time.

You collected 48 gold pieces.

Inventory:

Hand Weapons
 a - a +1 falchion (weapon)
Armour
 b - a +0 leather armour
 e - a +0 ring mail (worn)
Jewellery
 f - a +5 ring of intelligence (left hand)
 i - an amulet of rage (around neck)
Scrolls
 d - a scroll of fog {unknown}
 h - a scroll of fear {unknown}
 j - a scroll of blinking {unknown}
 l - a scroll of immolation {unknown}
 p - 2 scrolls of identify {unknown}
Potions
 g - a potion of cure mutation {unknown}
 m - a potion of brilliance {unknown}
 n - a potion of flight {unknown}
 o - a potion of berserk rage {unknown}
Comestibles
 c - a bread ration
 k - a beef jerky
 q - a chunk of flesh


   Skills:
 - Level 3.0 Fighting
 * Level 2.6 Long Blades
 - Level 1.7 Armour
 + Level 1.5 Dodging
 * Level 3.8 Invocations


You had 2 spell levels left.
You didn't know any spells.

Dungeon Overview and Level Annotations

Branches:
Dungeon (2/15)

Altars:


Innate Abilities, Weirdness & Mutations

You have a pair of small horns on your head.
Your flesh is heat resistant.


Message History

The gnoll hits you from afar with a spear.
There is an open door here.
The gnoll closely misses you.
You see here a giant gecko corpse.
The gnoll hits you from afar with a spear.
The gnoll hits you but does no damage.
You hit the gnoll. You headbutt the gnoll.
The gnoll is severely wounded.
The gnoll closely misses you. The gnoll hits you with a spear.
You barely miss the gnoll.
The gnoll is severely wounded.
The gnoll hits you from afar with a halberd!
* * * LOW HITPOINT WARNING * * *
The gnoll closely misses you.
You are too injured to fight recklessly!
You closely miss the gnoll. You headbutt the gnoll.
You kill the gnoll!
Lugonu accepts your kill.
The gnoll hits you from afar with a halberd!
You die...

#######.######.......#
(............'..>....#
#######.######.....#.#
#)######..†#.#.# ####
#g......##.#...####
.g...##.......##.#.......
..............+.g....###
.#............##)#...## #
#.#.##.......##@#....##.#
# #. #.......##.#.......#
# #.......##.##.#..###
##########.##..#.##
#.###.#..# #.# #..#.##
#+# ##.#..# #..#.# ##.#.#


You could see a gnoll.

Vanquished Creatures
  2 gnolls (D:2)
  An ooze (D:2)
  A worm (D:2)
  A giant gecko (D:2)
  A giant cockroach (D:2)
  6 goblins (D:1)
  5 hobgoblins (D:1)
  2 jackals (D:1)
  A ball python (D:1)
  2 kobolds (D:1)
  A rat (D:1)
23 creatures vanquished.

Notes
Turn   | Place    | Note
--------------------------------------------------------------
     0 | Abyss:1  | epen the Demonspawn Abyssal Knight began the quest for the Orb.
     0 | Abyss:1  | Reached XP level 1. HP: 18/18 MP: 2/2
     9 | D:1      | Escaped the Abyss
    51 | D:1      | Reached skill level 1 in Dodging
   309 | D:1      | Gained mutation: You have a pair of small horns on your head. [demonic ancestry]
   309 | D:1      | Reached XP level 2. HP: 24/24 MP: 4/4
   729 | D:2      | Reached ** piety under Lugonu
   752 | D:2      | Gained mutation: Your flesh is heat resistant. [demonic ancestry]
   752 | D:2      | Reached XP level 3. HP: 26/29 MP: 5/5
   925 | D:2      | Mangled by a gnoll

Vault maps used:
D:1:      saegor_arrival_simple_d, nrook_loot_triangle, serial_park_tiny_2

Skill      XL: |  1  2 |
---------------+-------+-----
Dodging        | 1 |  1.5
Long Blades    | 2 |  2.6
Invocations    | 3 |  3.8
Fighting       | |  3.0
Armour         | |  1.7

Action                   || total
-------------------------++-------
Melee: Falchion          ||    63
       Headbutt          ||     7
Armor: Ring mail         ||    22
Dodge: Dodged            ||    48
